AoeStats
← KartaL-tr77

Fortress

510745616Analyzed
1v1 RM · 10h ago on Oct 2, 2026· 64m 42s· 2 players
Game mode
Random Map
Map size
Small (3 player)
Population
200
Speed
Normal
Resources
Standard
Victory
Conquest
Starting age
Dark Age
Ending age
Imperial Age
RankedLock teamsTeams togetherTeam positionsShared explorationLock speedFull tech treeHidden civsTurbo modeCheats
Victory
Defeat
🇹🇷 Turks · Türkiye
981
+17
🇫🇷 Slavs · France
1005
-17
KartaL-tr77
7:58 Feudal Age
9:13 Loom
11:44 Castle Age
10:16 Double-Bit Axe
11:42 Gold Mining
13:55 Bow Saw
18:21 Padded Archer Armor
27:43 Wheelbarrow
30:58 Imperial Age
28:40 Horse Collar
29:55 Town Watch
30:26 Hand Cart
31:27 Ballistics
31:19 Fortified Wall
34:13 Fletching
34:51 Scale Barding Armor
35:49 Masonry
37:08 Conscription
37:58 Bloodlines
38:14 Bodkin Arrow
41:28 Forging
42:10 Chain Barding Armor
42:08 Leather Archer Armor
43:02 Iron Casting
45:57 Bracer
49:25 Ring Archer Armor
49:31 Plate Barding Armor
49:57 Blast Furnace
52:06 Artillery
SafirduTiks
7:22 Feudal Age
11:51 Castle Age
9:42 Double-Bit Axe
10:24 Scale Barding Armor
11:28 Bloodlines
12:34 Horse Collar
14:00 Forging
14:21 Fletching
15:32 Chain Barding Armor
16:08 Husbandry
17:20 Elite Skirmisher
18:18 Bodkin Arrow
18:53 Bow Saw
23:23 Wheelbarrow
23:13 Padded Archer Armor
26:36 Hand Cart
26:07 Loom
27:48 Leather Archer Armor
31:11 Imperial Age
29:13 Detinets
30:08 Gold Mining
30:56 Ballistics
30:13 Light Cavalry
31:43 Squires
31:06 Pikeman
32:26 Conscription
34:29 Chemistry
34:18 Iron Casting
34:15 Ring Archer Armor
33:21 Light Cavalry
35:38 Two-Man Saw
36:09 Plate Barding Armor
38:13 Heavy Plow
37:44 Hussar
40:32 Blast Furnace
40:15 Onager
40:21 Capped Ram
40:51 Elite Boyar
41:53 Siege Engineers
41:44 Murder Holes
42:11 Halberdier
46:36 Druzhina
47:04 Scale Mail Armor
48:25 Gold Shaft Mining
55:14 Siege Ram
60:16 Cavalier
Connection lost

Rejoining the realm…

Still unreachable

The connection could not be restored.

Session expired

The server has moved on; the page needs a fresh start.